 Dungeon Crawl Stone Soup version 0.23-a0-329-g6f3f904 (webtiles) character file.

2614 galech the Chopper (level 9, -6/68 HPs)
             Began as a Demonspawn Fighter on Oct 16, 2018.
             Was an Initiate of Okawaru.
             Mangled by a two-headed ogre
             ... wielding a +0 giant club
              (24 damage)
             ... on level 8 of the Dungeon.
             The game lasted 00:10:40 (8675 turns).

galech the Chopper (Demonspawn Fighter)             Turns: 8675, Time: 00:10:40

Health: -6/68      AC: 16    Str: 17    XL:     9   Next: 34%
Magic:  0/9        EV:  7    Int:  9    God:    Okawaru [......]
Gold:   418        SH: 10    Dex: 16    Spells: 8/8 levels left

rFire    . . .     SeeInvis .   a - +0 war axe
rCold    . . .     Gourm    .   c - +0 shield
rNeg     . . .     Faith    +   v - +0 plate armour
rPois    .         Spirit   +   n - +0 helmet
rElec    .         Reflect  .   s - +1 cloak
rCorr    .         Harm     .   (no gloves)
MR       .....                  (no boots)
Stlth    ..........             C - amulet of faith
HPRegen  0.21/turn              (no ring)
MPRegen  0.22/turn              (no ring)

@: no status effects
A: hooves 1, repulsion field 2, magic shield, magic regeneration
a: Renounce Religion


You were on level 8 of the Dungeon.
You worshipped Okawaru.
Okawaru was noncommittal.
You were not hungry.

You visited 2 branches of the dungeon, and saw 9 of its levels.

You collected 418 gold pieces.

Inventory:

Hand Weapons
 a - a +0 war axe (weapon)
Armour
 c - a +0 shield (worn)
 n - a +0 helmet (worn)
 s - a +1 cloak (worn)
 v - a +0 plate armour (worn)
Jewellery
 C - an amulet of faith (around neck)
Wands
 b - a wand of iceblast (7)
 o - a wand of polymorph (47)
 y - a wand of flame (28)
Scrolls
 e - 10 scrolls of identify {unknown}
 i - 8 scrolls of remove curse
 j - a scroll of magic mapping
 l - 4 scrolls of teleportation
 q - 3 scrolls of amnesia {unknown}
 t - a scroll of fog {unknown}
 u - a scroll of enchant weapon {unknown}
 w - a scroll of blinking {unknown}
 x - a scroll of random uselessness {unknown}
Potions
 d - 4 potions of might
 g - 3 potions of mutation {unknown}
 h - 2 potions of agility {unknown}
 k - a potion of degeneration {unknown}
 m - 8 potions of curing
 p - a potion of heal wounds {unknown}
 r - a potion of haste {unknown}
 z - a potion of flight {unknown}
 A - a potion of resistance {unknown}
Comestibles
 f - 11 rations


   Skills:
 + Level 5.4 Fighting
 + Level 7.9 Axes
 + Level 5.8 Armour
 + Level 2.3 Dodging
 + Level 0.4 Stealth
 + Level 5.6 Shields


You had 8 spell levels left.
You didn't know any spells.
Your spell library contained the following spells:

 Spells                   Type           Power        Failure   Level  Hunger
 Beastly Appendage        Tmut           #.....       100%        1    ##.....
 Sticks to Snakes         Tmut           #.......     100%        2    ###....
 Spider Form              Tmut/Pois      #.........   100%        3    ####...
 Ice Form                 Ice/Tmut       #.......     100%        4    #####..
 Blade Hands              Tmut           #.........   100%        5    ######.


Dungeon Overview and Level Annotations

Branches:
Dungeon (8/15)             Temple (1/1) D:6
   Lair: D:8-11

Altars:
Ashenzari
Cheibriados
Dithmenos
Elyvilon
Fedhas
Gozag
Hepliaklqana
Kikubaaqudgha
Makhleb
Nemelex Xobeh
Okawaru
Qazlal
Ru
Sif Muna
Trog
Uskayaw
Vehumet
Wu Jian
Xom
Yredelemnul
Zin
The Shining One

Annotations:
D:6 2 runed doors, HydraWiggins's ghost, novice TrAE


Innate Abilities, Weirdness & Mutations

You have large cloven feet.
You are surrounded by a moderate repulsion field. (EV +3)
When hurt, damage is shared between your health and your magic reserves.
You regenerate magic rapidly.


Message History

You are too injured to fight recklessly!
You are too injured to fight recklessly!
You are too injured to fight recklessly!
You are too injured to fight recklessly!
You are too injured to fight recklessly!
You are too injured to fight recklessly!
You are too injured to fight recklessly!
You are too injured to fight recklessly!
You are too injured to fight recklessly!
Your plate armour prevents you from hitting the two-headed ogre.
You kick the two-headed ogre.
The two-headed ogre is severely wounded.
The two-headed ogre hits you with a +0 giant club!
* * * LOW HITPOINT WARNING * * *
You block the two-headed ogre's attack.
You barely miss the two-headed ogre.
You kick the two-headed ogre, but do no damage.
The two-headed ogre is severely wounded.
The two-headed ogre hits you with a +0 giant club!!
You die...

#.#........####.......
#.#...####.# ##......
#.#...# #.# ###......
#.#<..####.###........
####.#.#.##..........####
#....#....'..........#
##.######.##..........#
#.....# #.##..........#
#.....###@########....#
#.....#.O....# #....#
#.....#).....# #....#
##...........# ######
######....?.# #......#
########


You could see a two-headed ogre.

Vanquished Creatures
  Pikel (D:5)
  2 orc warriors
  An ice beast (D:7)
  A slave (D:5)
  3 ogres
  A centaur (D:5)
  A bullfrog (D:7)
  Blork the orc (D:4)
  A gnoll sergeant (D:6)
  2 scorpions
  3 wights (D:8)
  A howler monkey (D:6)
  A bullfrog zombie (D:5)
  3 crimson imps
  A quasit (D:7)
  4 hounds
  3 orc priests
  Crazy Yiuf (D:5)
  A jelly (D:6)
  3 bullfrog skeletons
  Terence (D:3)
  5 orc wizards
  3 worker ants
  A hound skeleton (D:6)
  10 gnolls
  A howler monkey skeleton (D:8)
  6 adders
  A shadow imp (D:5)
  2 oozes (D:1)
  An adder skeleton (D:4)
  2 worms
  A dart slug (D:1)
  5 leopard geckos
  22 orcs
  4 ball pythons
  2 bat zombies (D:4)
  7 giant cockroaches
  11 goblins
  9 hobgoblins
  11 jackals
  5 quokkas
  15 bats
  4 frilled lizards
  A jackal skeleton (D:5)
  6 kobolds
  A quokka skeleton (D:8)
  10 rats
182 creatures vanquished.

Vanquished Creatures (others)
  A jackal zombie (D:5)
1 creature vanquished.

Grand Total: 183 creatures vanquished

Notes
Turn   | Place    | Note
-------+----------+-------------------------------------------
     0 | D:1      | galech the Demonspawn Fighter began the quest for the Orb.
     0 | D:1      | Reached XP level 1. HP: 18/18 MP: 1/1
    53 | D:1      | Gained mutation: When hurt, damage is shared between your
                  | health and your magic reserves. [demonic ancestry]
    53 | D:1      | Reached XP level 2. HP: 15/24 MP: 2/2
   212 | D:1      | Reached skill level 2 in Axes
   583 | D:1      | Gained mutation: You are surrounded by a mild repulsion
                  | field. (EV +2) [demonic ancestry]
   583 | D:1      | Reached XP level 3. HP: 28/29 MP: 3/3
  1437 | D:2      | Found a glowing golden altar of the Shining One.
  1456 | D:2      | Reached XP level 4. HP: 30/35 MP: 4/4
  2027 | D:3      | Reached skill level 3 in Axes
  2465 | D:3      | Noticed Terence
  2471 | D:3      | Killed Terence
  2471 | D:3      | Gained mutation: You have large cloven feet. [demonic
                  | ancestry]
  2471 | D:3      | Reached XP level 5. HP: 40/41 MP: 3/5
  3145 | D:4      | Reached XP level 6. HP: 48/48 MP: 6/6
  3154 | D:4      | Noticed Blork the orc
  3177 | D:4      | HP: 2/48 [Blork the orc/+2 halberd of protection (8)]
  3179 | D:4      | Killed Blork the orc
  3179 | D:4      | Reached skill level 4 in Axes
  3549 | D:4      | Got a translucent falchion
  3550 | D:4      | Identified the +3 falchion "Xeyneas" {drain, rElec rC-
                  | Int+5} (You found it on level 4 of the Dungeon)
  3583 | D:4      | Reached skill level 1 in Dodging
  4001 | D:4      | Found an ancient bone altar of Kikubaaqudgha.
  4154 | D:5      | Entered Level 5 of the Dungeon
  4392 | D:5      | Found a white marble altar of Elyvilon.
  4429 | D:5      | Reached XP level 7. HP: 53/53 MP: 7/7
  4592 | D:5      | Reached skill level 5 in Axes
  4745 | D:5      | Found a runed door.
  5025 | D:5      | Noticed Pikel
  5065 | D:5      | Killed Pikel
  5065 | D:5      | Reached skill level 6 in Axes
  5065 | D:5      | Reached skill level 5 in Shields
  5065 | D:5      | Gained mutation: You regenerate magic rapidly. [demonic
                  | ancestry]
  5065 | D:5      | Reached XP level 8. HP: 34/61 MP: 5/8
  5459 | D:5      | Reached skill level 5 in Armour
  5531 | D:5      | Noticed Crazy Yiuf
  5533 | D:5      | Paralysed by Crazy Yiuf for 7 turns
  5543 | D:5      | Killed Crazy Yiuf
  5824 | D:6      | Found an opulent altar of Gozag.
  5944 | D:6      | Reached skill level 5 in Fighting
  6192 | D:6      | Found a staircase to the Ecumenical Temple.
  6218 | Temple   | Entered the Ecumenical Temple
  6225 | Temple   | Became a worshipper of Warmaster Okawaru
  6266 | D:6      | Reached skill level 7 in Axes
  6772 | Temple   | Gained mutation: You are surrounded by a moderate repulsion
                  | field. (EV +3) [demonic ancestry]
  6772 | Temple   | Reached XP level 9. HP: 28/68 MP: 5/9
  7241 | D:6      | Found a large runed door.
  7243 | D:6      | Found a large runed door.
  7243 | D:6      | Noticed HydraWiggins's ghost (novice TrAE)
  7940 | D:8      | Found a radiant altar of Vehumet.
  8207 | D:8      | Found a hazy altar of Hepliaklqana.
  8354 | D:8      | Found a blossoming altar of Fedhas.
  8360 | D:8      | Found a glowing silver altar of Zin.
  8437 | D:8      | Noticed a two-headed ogre
  8675 | D:8      | Mangled by a two-headed ogre

Vault maps used:
D:1:      dpeg_arrival_renting
D:2:      lemuel_doored_altar, minmay_shallow_snake_nest
D:3:      serial_co_window_serial, co_window_paths_a, co_window_corner_a,
          co_window_paths_a, co_window_paths_a, co_window_paths_b,
          co_window_paths_a, co_window_paths_a, co_window_unsneaky_path_e,
          co_window_broadway_b, co_window_cross_2, co_window_2corner,
          co_window_corner_ca, glass_columns_a, glass_columns_a,
          cheibrodos_gnoll_hut, uniq_terence
D:4:      lemuel_zombie_altar_kikubaaqudgha, first_ration, uniq_blork_the_orc
D:5:      lemuel_crystal_altar, serial_bayou_pond_e, uniq_pikel,
          uniq_crazy_yiuf_cottage
D:6:      minmay_temple_entry_large_hall, ebering_ghost_disaster_area,
          minmay_misc_feat_rows, grunt_gozag_statues
D:8:      vehumet_altar_wand_db, minitemple
Temple:   nicolae_temple_no_exploring_needed

Skill      XL: |  1  2  3  4  5  6  7  8 |
---------------+-------------------------+-----
Axes           | 2 3 4 6 7 |  7.9
Shields        | 3 4 5 |  5.6
Armour         | 3 4 5 |  5.8
Dodging        | 1 2 |  2.3
Fighting       | 4 5 |  5.4
Stealth        | |  0.4

Action                   |  1- 3 |  4- 6 |  7- 9 || total
-------------------------+-------+-------+-------++-------
Melee: War axe           |   159 |   214 |   373 ||   746
       Kick              |       |    35 |   102 ||   137
  Use: Scroll            |       |     3 |     1 ||     4
       Potion            |       |     1 |       ||     1
  Eat: Chunk             |     2 |     7 |    10 ||    19
       Ration            |       |     1 |     1 ||     2
Armor: Scale mail        |     2 |    73 |       ||    75
       Leather armour    |    35 |     5 |       ||    40
       Chain mail        |       |       |    80 ||    80
       Plate armour      |       |       |    96 ||    96
Dodge: Dodged            |    77 |    87 |   105 ||   269
Block: Shield            |   103 |   112 |   223 ||   438

Table legend:
 A = Non-vault XP
 B = Vault XP
 C = Vault XP percentage of total XP
 D = Non-vault monster count
 E = Vault monster count
 F = Vault count percentage of total count
                 A         B        C        D         E       F
            +---------+---------+-------+---------+---------+-------
      Total |    2787 |     948 |  25.4 |     167 |      14 |   7.7
            +---------+---------+-------+---------+---------+-------
        D:1 |      70 |       0 |   0.0 |      37 |       0 |   0.0
        D:2 |      31 |      17 |  35.4 |      14 |       4 |  22.2
        D:3 |     128 |     132 |  50.8 |      30 |       4 |  11.8
        D:4 |     129 |      94 |  42.2 |       8 |       3 |  27.3
        D:5 |     716 |     703 |  49.5 |      26 |       2 |   7.1
        D:6 |     775 |       0 |   0.0 |      27 |       0 |   0.0
        D:7 |     275 |       0 |   0.0 |       4 |       0 |   0.0
        D:8 |     457 |       2 |   0.4 |      17 |       1 |   5.6
     Temple |     206 |       0 |   0.0 |       4 |       0 |   0.0
            +---------+---------+-------+---------+---------+-------
